[Event "Israeli Team-ch 2023"]
[Site "Petah Tikva"]
[Date "2023.02.10"]
[Round "7.10"]
[White "Musyuk, Lior"]
[Black "Kaspi, Alexander"]
[Result "0-1"]
[ECO "A05"]
[WhiteElo "2341"]
[BlackElo "2412"]
[Annotator "TA"]
[PlyCount "74"]
[EventDate "2023.01.13"]
[EventCountry "ISR"]
[SourceTitle "playchess.com"]
[Source "ChessBase"]
[SourceQuality "1"]
[TimeControl "40/5400+30:1800+30"]

1. Nf3 Nf6 2. g3 b5 3. Bg2 Bb7 4. O-O e6 5. d3 c5 6. e4 d6 7. a4 b4 {[%emt 0:00:43] [#]} 8. Nh4 $146 {[%emt 0:02:45] A05: Réti Opening: 1 Nf3 Nf6.} ({Predecessor:} 8. a5 Be7 9. Nbd2 O-O 10. Nc4 Nfd7 11. Bf4 Qc7 12. Re1 a6 13. e5 dxe5 14. Nfxe5 Nxe5 15. Bxe5 Qc6 16. Bxc6 Nxc6 {½-½ Praggnanandhaa,R (2608)-Andreikin,D (2724) Titled Tuesday intern op 03rd Aug blitz 2021 (10)}) 8... Qc7 9. f4 Nc6 10. c3 {[%emt 0:12:08] The position is equal.} a5 11. Be3 Ne7 (11... Ba6 $15) 12. Nd2 Ng6 13. d4 (13. Nhf3 $142) 13... Nxh4 $11 14. gxh4 h5 15. h3 {[%emt 0:03:30] Inhibits Ng4.} Be7 16. Rc1 Rc8 17. cxb4 axb4 18. Re1 (18. f5 $5 ) 18... Qb8 19. d5 exd5 $17 20. exd5 O-O (20... Nxd5 21. Nc4 Nxe3 22. Rxe3 $14) ({Black should try} 20... Bxd5 $17 21. Bxd5 Nxd5) 21. Nc4 $15 Bd8 (21... Rfe8 $15 {should be considered.}) 22. f5 $11 Ba6 23. Bg5 Qc7 24. b3 Bxc4 (24... Re8 {keeps more tension.} 25. Rxe8+ Nxe8 26. Qxh5 Bf6) 25. Rxc4 Qd7 26. Qf3 Re8 27. Rxe8+ Qxe8 28. Qg3 Qd7 (28... Nd7 {feels hotter.} 29. Re4 Ne5 30. Bh6 Bf6) 29. Rc1 {[%emt 0:02:24] [#]} (29. Qf3 $15) 29... c4 $1 $17 30. bxc4 Qxf5 (30... Qxa4 $142 {Threatens to win with ...Bb6+.} 31. Kh2 (31. Qxd6 $2 b3 $19) 31... Qa2) 31. Qxd6 b3 (31... Ne4 $1 $15 32. Qf4 (32. Qxb4 $2 {loses.} Qf2+ 33. Kh1 Qd4 $19) (32. Bxe4 $2 Qxe4 33. Qg3 Bb6+ 34. Kh2 Qd4 $19) 32... Bb6+ 33. c5 Rxc5 34. Qb8+ (34. Qxf5 $2 Rxc1+ {[%mdl 64] Discovered Attack (Double check)} 35. Kh2 Bg1+ 36. Kh1 Ng3#) 34... Qc8 35. Qxc8+ Rxc8+ 36. Kf1 Nc3) 32. Qb4 $36 {[%emt 0:00:13][%mdl 2048] White has some pressure.} Qd3 33. Rc3 $2 {[%emt 0:01:32][%mdl 8192] This move loses the game for White.} (33. Qc3 $11 Bb6+ 34. Kh1 Qxc3 {[%mdl 64] Remove Defender} 35. Rxc3) 33... Qd1+ {[%emt 0:00:39] Black is clearly winning.} 34. Bf1 Ne4 $1 {[%emt 0:01:28][%csl LRc3,LRg5][%mdl 64] [#] Hoping for ...Qe1. Discovered Attack} 35. Qxb3 Qd4+ ({Weaker is} 35... Nxc3 36. Qxc3 Bxg5 37. hxg5 $19) 36. Re3 {[%emt 0:00:07] Black must now prevent Bxd8.} Nxg5 37. Kh1 (37. Kg2 $142 Bb6 38. hxg5 Qxe3 39. Qxe3 Bxe3 40. Kf3 Bxg5 41. Ke4) 37... Bb6 {[%emt 0:00:21] Weighted Error Value: White=0.48/Black=0.27 (precise)} 0-1

[Event "Israeli Team-ch 2023"]
[Site "Petah Tikva"]
[Date "2023.02.10"]
[Round "7.11"]
[White "Oratovsky, Michael"]
[Black "Zaslavsky, Mikhail"]
[Result "1/2-1/2"]
[ECO "B31"]
[WhiteElo "2422"]
[BlackElo "2430"]
[Annotator "TA"]
[PlyCount "28"]
[EventDate "2023.01.13"]
[EventCountry "ISR"]
[SourceTitle "playchess.com"]
[Source "ChessBase"]
[SourceQuality "1"]
[TimeControl "40/5400+30:1800+30"]

1. e4 c5 2. Nf3 Nc6 3. Bb5 g6 4. Bxc6 dxc6 5. d3 Bg7 6. h3 Qc7 7. O-O Nf6 8. Nc3 e5 9. Be3 b6 10. Qd2 O-O {[%emt 0:00:05] The position is equal.} 11. Bh6 {[%emt 0:00:35] B31: Sicilian: 2...Nc6 3 Bb5 g6.} Nh5 12. Ne2 f6 13. Nh2 g5 {[%emt 0:03:45] [#]} 14. Ng4 $146 ({Predecessor:} 14. Bxg7 Qxg7 15. Ng4 Be6 16. Ne3 Qd7 17. Ng3 Nf4 18. Qd1 Rad8 19. Ngf5 Kh8 20. Kh2 Bxf5 21. Nxf5 {½-½ Stojanovic,V-Kostic,B (2250) Belgrade-chT 2011 (5.5)}) 14... Bxh6 {[%emt 0:11:00] Not much happened in this game.   Weighted Error Value: White=0.07 (flawless) /Black=0.03 (flawless)} 1/2-1/2

[Event "Israeli Team-ch 2023"]
[Site "Petah Tikva"]
[Date "2023.02.10"]
[Round "7.12"]
[White "Kuprijanov, Anatoly"]
[Black "Guz, Ari"]
[Result "1/2-1/2"]
[ECO "D35"]
[WhiteElo "2270"]
[BlackElo "2306"]
[Annotator "TA"]
[PlyCount "80"]
[EventDate "2023.01.13"]
[EventCountry "ISR"]
[SourceTitle "playchess.com"]
[Source "ChessBase"]
[SourceQuality "1"]
[TimeControl "40/5400+30:1800+30"]

1. c4 e6 2. d4 Nf6 3. Nc3 d5 4. cxd5 Nxd5 5. e4 Nxc3 6. bxc3 c5 7. Rb1 cxd4 {[%emt 0:00:23] D35: Queen's Gambit Declined: Exchange Variation.} 8. cxd4 Be7 9. Nf3 O-O {[%emt 0:00:24] The position is equal.} 10. Be2 b6 {[%emt 0:03:34] [#]} 11. h4 $146 (11. O-O $11) ({Predecessor:} 11. O-O Bb7 12. Qd3 Nd7 13. Be3 Rc8 14. Rbc1 Rxc1 15. Rxc1 Qb8 16. Nd2 Rc8 17. Rxc8+ Qxc8 18. f3 Qc7 {½-½ Urkedal,F (2571)-Agdestein,S (2581) NOR-chT 1718 2017 (9.2)}) 11... Bb7 $15 12. Bd3 {[%emt 0:01:05] [#]} e5 13. d5 $11 (13. dxe5 Na6 $15) 13... Nd7 14. Rh3 (14. O-O $11) 14... Nc5 $15 15. Rg3 (15. Nxe5 $15 {was preferrable.} Bd6 16. Nc6) 15... f5 $17 (15... Bxh4 $6 16. Nxh4 Qxh4 17. Rh3 $15) 16. Bc4 {[%emt 0:10:43] d6+ would be deadly.} Bf6 (16... Bxh4 17. Rh3 Bxf2+ 18. Kxf2 $18) (16... Kh8 $17 17. Ng5 Bxg5 18. Bxg5 Qd7 19. exf5 (19. Bb5 Qf7 $17) 19... Ne4) 17. Ng5 $11 (17. exf5 Ne4 18. d6+ Kh8 $17) 17... Nxe4 18. d6+ ({Much weaker is} 18. Nxe4 fxe4 19. Qg4 Bxd5 $15) 18... Kh8 19. Nxh7 $1 {[%emt 0:00:06][%mdl 64] Decoy} Nxg3 20. fxg3 $40 {[%emt 0:01:17][%mdl 128] Black needs to defend precisely.} g6 $1 21. Nxf8 Qxf8 22. Bd5 Bxd5 23. Qxd5 Rd8 24. Ba3 ({Don't go for} 24. d7 $2 Qe7 25. Rb2 Rxd7 $19) 24... Qh6 (24... Qg8 $11 25. Qd2 e4) 25. Ke2 $1 $16 {[%emt 0:03:50] Black must now prevent Qe6.} e4 {[%emt 0:01:43] [#]} ({Black should play} 25... Qh5+ 26. Kf1 Kg7) 26. Bb2 {[%emt 0:03:29] Active counter play!} (26. Rc1 $142 $1) 26... Qg7 {[%emt 0:02:32] [#]} 27. Bxf6 Qxf6 {[%emt 0:00:07][%mdl 4096] Endgame KQR-KQR} 28. Rd1 Kg7 29. d7 Kf8 30. Ke3 ({White should try} 30. Qd6+ $16 Kf7 31. Rd2) 30... Ke7 $1 $11 31. Qb5 Qc3+ 32. Ke2 Qxg3 33. Qb4+ Kf7 (33... Ke6 34. Qc4+ Kf6 35. Qd4+ Kf7 36. Qc4+ Kf6 37. Qd4+ Kf7 38. Qc4+ Kf6 $11) 34. Qc4+ $1 Kg7 35. Qd4+ $1 Kh7 36. Qf2 (36. Qf6 $11) 36... Qg4+ $17 37. Ke1 f4 38. Rd4 Rxd7 39. Rxd7+ Qxd7 40. Qxf4 Qe7 {[%emt 0:09:18] An interesting game.   Weighted Error Value: White=0.16 (very precise) /Black=0.13 (very precise)} 1/2-1/2

[Event "Israeli Team-ch 2023"]
[Site "Petah Tikva"]
[Date "2023.02.10"]
[Round "7.13"]
[White "Globus, Or"]
[Black "Abergel, Thal"]
[Result "1/2-1/2"]
[ECO "A37"]
[WhiteElo "2411"]
[BlackElo "2392"]
[Annotator "TA"]
[PlyCount "26"]
[EventDate "2023.01.13"]
[EventCountry "ISR"]
[SourceTitle "playchess.com"]
[Source "ChessBase"]
[SourceQuality "1"]
[TimeControl "40/5400+30:1800+30"]

1. Nf3 c5 2. c4 Nc6 3. Nc3 g6 4. g3 Bg7 5. Bg2 d6 6. O-O Nh6 {[%emt 0:01:19] [#] 6...e6 is setting a new trend.} 7. d4 $1 {[%emt 0:20:04] The position is equal.} cxd4 {[%emt 0:01:44] A37: Symmetrical English vs ...g6: 4 Bg2 Bg7 5 Nf3.} 8. Bxh6 Bxh6 9. Nxd4 Bd7 10. e3 O-O 11. Qe2 {[%emt 0:09:13] [#]} Bg7 $146 ({Predecessor:} 11... Rc8 12. b3 Re8 13. Rfd1 Qa5 14. Nd5 Bg7 15. Rac1 Nxd4 16. exd4 e6 17. Ne3 b6 {0-1 Gaal,Z (2074)-Nguyen,V (2370) Budapest FS11 IM 2019 (7)}) 12. Rfd1 Rc8 13. Rac1 b6 {[%emt 1:15:46] An uneventful encounter.   Weighted Error Value: White=0.04 (flawless) /Black=0.02 (flawless)} 1/2-1/2

[Event "Israeli Team-ch 2023"]
[Site "Petah Tikva"]
[Date "2023.02.10"]
[Round "7.14"]
[White "Yaniv, Yuval"]
[Black "Gorodetzky, David"]
[Result "0-1"]
[ECO "C02"]
[WhiteElo "2366"]
[BlackElo "2492"]
[Annotator "TA"]
[PlyCount "144"]
[EventDate "2023.01.13"]
[EventCountry "ISR"]
[SourceTitle "playchess.com"]
[Source "ChessBase"]
[SourceQuality "1"]
[TimeControl "40/5400+30:1800+30"]

1. e4 e6 2. d4 d5 3. e5 c5 4. c3 Nc6 5. Nf3 Qb6 6. Bd3 cxd4 7. O-O {[%emt 0:00:08] outshines the older 7.cxd4. C02: French: Advance Variation.} Bd7 8. Re1 Nge7 9. h4 {[%emt 0:00:13] The position is equal.} Rc8 10. Nbd2 Nf5 11. Nb3 dxc3 12. bxc3 Be7 {[%emt 0:06:13] [#]} 13. Rb1 $146 ({Predecessor:} 13. h5 Na5 14. Rb1 Nc4 15. Nbd4 Qa6 16. Nxf5 exf5 17. Nd4 g6 18. Bh6 Be6 19. a4 {0-1 Yuan,Q (2373)-Grischuk,A (2742) Titled Tuesday intern op 17th May Late blitz 2022 (6)}) 13... Qd8 (13... Bxh4 $2 14. Nbd4 Qa5 15. Nxf5 (15. Rxb7 Ncxd4 16. cxd4 Bd8 $11) 15... Bxf2+ 16. Kxf2 $18) 14. h5 b6 15. Bc2 g6 16. Nh2 (16. Bd3 $11) 16... O-O $15 17. Ng4 Kh8 (17... gxh5 18. Bxf5 exf5 19. Nh6+ Kh8 20. Qxh5 $11) 18. Qf3 (18. hxg6 $142 fxg6 19. Bd3) 18... Rg8 ({Inferior is} 18... gxh5 19. Nh6 $15) (18... Nb4 $1 $17 19. Bxf5 gxf5) 19. Qh3 Qf8 20. Nh6 Rg7 (20... Nxh6 $5 21. hxg6 fxg6 22. Bxh6 Qd8 $17) 21. Kh1 (21. hxg6 $15 fxg6 22. Nxf5 gxf5 23. Bh6) 21... f6 $17 22. hxg6 Nxe5 ({Don't do} 22... Rxg6 23. Nxf5 exf5 24. e6 $18) (22... fxe5 $142 23. Nf7+ Rxf7 24. gxf7 Qxf7) 23. Nxf5 exf5 24. Bh6 hxg6 25. Kg1 {[%emt 0:04:12] [#]} (25. Nd4 $17) 25... Qf7 $1 26. Bxg7+ Kxg7 27. Nd4 $2 (27. f4 $17 {is a better defense.} Ng4 28. Qf3) 27... Bd6 (27... f4 $1 $19 {and Black stays clearly on top.} 28. Qh2 Rxc3 29. Qxf4 Bc5) 28. Qg3 Nc4 29. Qd3 (29. f4 $17 {was called for.}) 29... Rh8 $19 30. Bb3 (30. a4 $142) 30... Ne5 $1 31. Qd2 Ng4 (31... Kf8 $19 {[%cal Oh8h2] And now ...Rh2! would win.} 32. f4 Ng4) 32. Nf3 $2 {[%emt 0:00:35] [#] Prevents Rh2} (32. f3 $17 {was the only chance.} Bh2+ 33. Kf1) 32... Bc5 $1 {[%emt 0:00:05] A strong pair of Bishops.} 33. Re2 Bb5 34. Nd4 Bxe2 35. Qxe2 Bxd4 36. cxd4 Qc7 37. g3 Rh2 38. Re1 Rxf2 39. Qe7+ Qxe7 40. Rxe7+ {[%emt 0:00:01][%mdl 4096] Endgame KRB-KRN} Kh6 41. Rxa7 (41. Bxd5 $142 Rd2 42. Bb3) 41... Rf3 42. Kg2 Rd3 43. Rb7 Rxd4 44. Rxb6 Rd2+ 45. Kg1 (45. Kf1 $142 Nh2+ 46. Kg1 Nf3+ 47. Kf1) 45... d4 {[%emt 0:01:04][%cal Bd5d4,Bd4d3,Bd3d2][%mdl 32] Hoping for ...Kg5.} 46. a4 Rb2 47. a5 d3 48. Bd1 Ra2 49. Bxg4 fxg4 {[%emt 0:00:02] KR-KR} 50. Rd6 d2 51. Kf1 f5 52. a6 {[%emt 0:00:38] [#]} Rxa6 $3 {[%emt 0:01:47][%mdl 576] Promotion} 53. Rxd2 g5 54. Rd4 Rf6 55. Kf2 f4 56. Ra4 Kh5 57. Rb4 Rf5 58. Ra4 f3 {[%emt 0:00:47] Threatens to win with ...Rc5.} 59. Ra2 Re5 $2 (59... Rc5 60. Ke3 Rc1) 60. Rb2 $2 (60. Rc2) 60... Kg6 {[%emt 0:00:35] ...Kf5 would be deadly.} 61. Kf1 Kf5 62. Rb8 Re2 {[%emt 0:00:26] ( -> ...Rg2)} 63. Rf8+ $2 {[%emt 0:09:50] [#]} (63. Rb5+ $19 Kg6 64. Rd5) 63... Kg6 $1 {[%emt 0:00:06] Black mates.} 64. Rg8+ Kf6 65. Rf8+ Kg7 66. Rf5 Kg6 67. Ra5 Rg2 68. Ra6+ Kh5 69. Rf6 Rxg3 70. Kf2 Rg2+ 71. Ke3 Re2+ 72. Kd3 Re8 {[%emt 0:00:13] Weighted Error Value: White=0.55/Black=0.24 (precise)} 0-1

[Event "Israeli Team-ch 2023"]
[Site "Petah Tikva"]
[Date "2023.02.10"]
[Round "7.15"]
[White "Levin, Guy"]
[Black "Steiner-Prozhanski, Giora"]
[Result "1-0"]
[ECO "A13"]
[WhiteElo "2391"]
[BlackElo "2254"]
[Annotator "TA"]
[PlyCount "59"]
[EventDate "2023.01.13"]
[EventCountry "ISR"]
[SourceTitle "playchess.com"]
[Source "ChessBase"]
[SourceQuality "1"]
[TimeControl "40/5400+30:1800+30"]

1. Nf3 Nf6 2. g3 c5 3. Bg2 d5 4. c4 d4 5. O-O Nc6 6. e3 e6 7. exd4 cxd4 8. d3 h6 {[%emt 0:00:06] A13: English Opening: 1...e6.} 9. Na3 Bd6 10. Nc2 $1 e5 {[%emt 0:03:40] [#] White has an edge.} 11. b4 $1 O-O (11... Bxb4 $2 12. Nxb4 Nxb4 13. Qa4+ (13. Nxe5 O-O $16) 13... Nc6 14. Nxe5 $18) 12. Re1 {[%emt 0:10:54] Black must now prevent c5.} Re8 (12... Bxb4 13. Nxb4 Nxb4 14. Nxe5 $16) 13. c5 $36 {[%emt 0:02:29][%mdl 2048] Black is under pressure.} Bc7 14. b5 Na5 {[%emt 0:17:45] [#]} 15. Bd2 $146 ({Predecessor:} 15. Nb4 Bd7 16. a4 Rc8 17. Ba3 Bf5 18. Nd2 Bb8 19. Rc1 Nd7 20. Qf3 Be6 21. Nd5 {1-0 Jumabayev,R (2654)-Lu,S (2615) SCO National Chess Online rapid 2020 (6.5)}) 15... Nd5 $2 {[%emt 0:09:39] [#]} (15... Bg4 $11 {and Black is okay.}) 16. Nfxd4 $1 Nf6 17. Nb3 Nxb3 18. axb3 Bg4 19. Qc1 Qxd3 20. Bxb7 Qxb5 21. Bxa8 Rxa8 22. Ne3 {[%emt 0:03:17][%cal Bc2e3,Be3d5,Bd5c7][%mdl 32] Nxg4 would be deadly.} Bf3 (22... Bc8 $16) 23. Qc4 $18 Qd7 24. Bc3 ({White must play} 24. Ba5 $18) 24... Ne4 $14 25. Nd5 Ng5 26. Nxc7 (26. Bxe5 $2 {loses.} Bxd5 27. Qd3 Nf3+ 28. Kf1 Bxe5 $19) 26... Nh3+ $2 (26... Bc6 $1 $14) 27. Kf1 $18 Nf4 $2 (27... Qxc7 28. Rxe5 (28. Bxe5 Qb7 $18) 28... Qb7) 28. Re3 {[%emt 0:03:04] White is clearly winning.} (28. Nxa8 $2 {gets mated.} Qh3+ 29. Kg1 Qg2#) 28... Qh3+ 29. Ke1 Ng2+ 30. Kd2 {[%emt 0:00:02] Weighted Error Value: White=0.22 (precise) /Black=0.36} 1-0

[Event "Israeli Team-ch 2023"]
[Site "Petah Tikva"]
[Date "2023.02.10"]
[Round "7.16"]
[White "Tifferet, Shaked"]
[Black "Iliaguev, Nisim"]
[Result "1/2-1/2"]
[ECO "B13"]
[WhiteElo "2226"]
[BlackElo "2390"]
[Annotator "TA"]
[PlyCount "96"]
[EventDate "2023.01.13"]
[EventCountry "ISR"]
[SourceTitle "playchess.com"]
[Source "ChessBase"]
[SourceQuality "1"]
[TimeControl "40/5400+30:1800+30"]

1. e4 c6 2. d4 d5 3. exd5 cxd5 4. Bd3 Nc6 5. c3 Nf6 6. h3 e6 7. Nf3 Bd6 8. O-O O-O {[%emt 0:00:34] B13: Caro-Kann: Exchange Variation and Panov-Botvinnik Attack.} 9. Re1 h6 10. Nbd2 Qc7 {[%emt 0:01:49] White has an edge.} 11. Nf1 Re8 12. Bc2 {[%emt 0:10:49] [#]} Bd7 $146 ({Predecessor:} 12... e5 13. dxe5 Nxe5 14. Nxe5 Bxe5 15. Be3 Be6 16. Nd2 a6 17. Rc1 Rad8 18. Bb1 Qd6 {½-½ Moreno Perez,N (1841)-Sanchez Criado,L (2132) Barcelona Sant Marti op-A 5th 2016 (8)}) 13. Ne3 Rad8 14. Ng4 Nxg4 15. hxg4 e5 16. dxe5 Nxe5 17. Nxe5 Bxe5 18. Be3 Bh2+ 19. Kh1 Bf4 20. Qd3 {[%emt 0:04:44] [#] White wants to mate with Qh7+.} g6 (20... Bxg4 $2 {leads to mate.} 21. Qh7+ (21. Bxa7 g6 $14) 21... Kf8 22. Bc5+ Qxc5 23. Qh8#) 21. Bxa7 Bxg4 {[%emt 0:00:00] ...Re5 is the strong threat.} 22. Qd4 {[%emt 0:01:01] Dodges Re5. aiming for Bb6.} Qc4 23. Bb3 $36 {[%emt 0:09:01][%mdl 2048] White has some pressure.} Qxd4 24. Bxd4 Be2 25. Bb6 Rc8 26. Be3 Bxe3 27. Rxe2 Bc5 28. Rd2 Re5 (28... d4 $1 $11) 29. Bxd5 $16 Bxf2 {[%emt 0:00:00][%cal Re5h5][%mdl 64] [#] Deflection} 30. Bxf7+ {[%emt 0:00:30][%mdl 64] Decoy} Kxf7 31. Rxf2+ {[%emt 0:00:44][%mdl 4096] Endgame KRR-KRR} Kg7 32. Rd1 {[%emt 0:00:52] Threatens to win with Rd7+.} Rc7 {[%emt 0:00:00] Repels Rd7+} 33. Rfd2 Ree7 {[%emt 0:00:00] Prevents Rd7.} (33... b5 $142) 34. Rd6 h5 35. R1d2 Kh6 36. Kh2 Rf7 37. Rb6 Rc4 38. Rd3 Re4 39. Rg3 Rg7 40. Rf3 Rd7 41. Rg3 Rg7 42. b4 (42. Kh3 $16) 42... h4 $14 43. Rd3 Kh5 $1 44. a4 g5 45. Rbd6 (45. Rf6 $14) 45... Re2 {[%emt 0:04:54] The position is equal.} 46. Rd7 Rxd7 47. Rxd7 g4 {[%emt 0:00:20] White must now prevent ...h3.} 48. Rd5+ (48. Rxb7 h3 49. Kg3 Rxg2+ 50. Kf4 h2 51. Rh7+ Kg6 $19) 48... Kg6 {[%emt 0:01:36] Weighted Error Value: White=0.15 (very precise) /Black=0.12 (very precise)} 1/2-1/2

[Event "Israeli Team-ch 2023"]
[Site "Petah Tikva"]
[Date "2023.02.10"]
[Round "7.17"]
[White "Kochavi, Ori"]
[Black "Poleg, Dan"]
[Result "1-0"]
[ECO "A07"]
[WhiteElo "2396"]
[BlackElo "2193"]
[Annotator "TA"]
[PlyCount "91"]
[EventDate "2023.01.13"]
[EventCountry "ISR"]
[SourceTitle "playchess.com"]
[Source "ChessBase"]
[SourceQuality "1"]
[TimeControl "40/5400+30:1800+30"]

1. d3 d5 2. Nf3 Nf6 3. g3 Bg4 4. Bg2 c6 5. O-O Nbd7 6. Nc3 {[%emt 0:16:00] A07: Réti Opening: New York and Capablanca Systems.} e5 {[%emt 0:03:21] The main line 6...e5 scores better than 6...e6.} 7. e4 dxe4 8. Nxe4 {[%emt 0:01:22] The position is equal.} Nxe4 9. dxe4 Bc5 10. Qe2 Qe7 11. h3 Bh5 12. c3 a5 13. a4 O-O {[%emt 0:05:28] [#]} 14. g4 $146 ({Predecessor:} 14. Qc2 Rad8 15. Bg5 f6 16. Bc1 Bf7 17. Nh4 g6 18. Re1 Nb6 19. Bf1 Qe6 20. Kg2 {0-1 Zhukov,M (1902)-Hercegovac,N (2187) Titled Tuesday intern op 26th Jul Early blitz 2022 (6)}) 14... Bg6 15. Rd1 Rfd8 16. Nh2 Nf8 17. Be3 Ne6 18. Rxd8+ Rxd8 19. Nf1 Bxe3 20. Qxe3 Qc5 ({Better is} 20... h5 $17 {And now ...Nf4 would win.} 21. gxh5 Bxh5) 21. h4 $15 {[%emt 0:01:18] [#] Threatens to win with h5.} f6 22. Qxc5 Nxc5 23. b4 Ne6 24. h5 Bf7 25. Ne3 Rd3 26. Rc1 (26. bxa5 $11 Nc5 27. Rb1) 26... axb4 $1 27. cxb4 Ra3 28. a5 Nd4 {[%emt 0:01:27] [#] Strongly threatening ...Ne2+.} 29. Rb1 Ne2+ (29... Kf8 $17) 30. Kh2 $11 Nc3 {[%emt 0:00:57] Repels Rd1} 31. Rc1 (31. Rb2 $5 ) 31... Be6 32. Bf3 (32. Nf5 $1 $11 {remains equal.}) 32... Kf8 33. Kg2 Ke8 34. h6 gxh6 (34... g5 $15) 35. Rh1 Na2 36. Rxh6 Nxb4 37. g5 Bf7 $2 {[%emt 0:04:39][%mdl 8192] This costs Black the game.} (37... Nd3 $11) 38. gxf6 $18 ({Worse is} 38. Rxf6 Nd3 $11) 38... Nd3 39. Rxh7 Nf4+ (39... Kf8 {was called for.} 40. Bg4 Nf4+ 41. Kh2 Ra2) 40. Kh2 Be6 41. Rxb7 Rxa5 42. Bg4 Kf8 43. Re7 Bxg4 44. Nxg4 Ra3 45. Nxe5 Rh3+ 46. Kg1 {[%emt 0:00:00] Weighted Error Value: White=0.14 (very precise) /Black=0.55} 1-0

[Event "Israeli Team-ch 2023"]
[Site "Petah Tikva"]
[Date "2023.02.10"]
[Round "7.19"]
[White "Soffer, Ram"]
[Black "Nabaty, Tamir"]
[Result "0-1"]
[ECO "C82"]
[WhiteElo "2475"]
[BlackElo "2632"]
[Annotator "TA"]
[PlyCount "72"]
[EventDate "2023.01.13"]
[EventCountry "ISR"]
[SourceTitle "playchess.com"]
[Source "ChessBase"]
[SourceQuality "1"]
[TimeControl "40/5400+30:1800+30"]

1. e4 e5 2. Nf3 Nc6 3. Bb5 a6 4. Ba4 Nf6 5. O-O Nxe4 6. d4 b5 7. Bb3 d5 8. dxe5 Be6 9. c3 Bc5 10. Nbd2 O-O 11. Bc2 Nxf2 12. Rxf2 f6 13. Nf1 {[%emt 0:00:00] Hoping for Be3. C82: Open Ruy Lopez: 9 c3 without 9...Be7.} Bxf2+ 14. Kxf2 fxe5 15. Kg1 {[%emt 0:00:00][%cal Oc2h7] The position is equal.} Qd6 16. Be3 {[%emt 0:00:00][%mdl 1024] White has compensation.} Bg4 $5 {[%emt 0:20:17][%mdl 4] [#] A promising side line.} (16... h6 $11) 17. Bxh7+ $1 $16 {[%emt 0:00:00][%mdl 576] Decoy. This pair of bishops is nice.} Kh8 {[%emt 0:00:10] [#]} 18. Bc2 $146 ({Only move:} 18. Qe1 $1 $16 {[%cal Re1h4] Qh4 is the strong threat.} Kxh7 19. Qh4+ Kg8 20. Qxg4) ({Predecessor:} 18. Qe1 Qf6 19. Ng5 g6 20. Qh4 Bh5 21. Ng3 d4 22. Nxh5 gxh5 23. Qxh5 Kg7 24. Be4 Qh6 25. Ne6+ {1-0 Motylev,A (2632)-Dushyant,S (2416) Biel HTO 55th 2022 (2)}) 18... e4 $15 19. Qe1 $1 {[%emt 0:00:00] Qh4+ would be deadly.} Bxf3 (19... exf3 $2 20. Qh4+ Kg8 21. Bh7+ (21. Qxg4 Ne5 $16) 21... Kf7 22. Qxg4 $18) 20. Qh4+ Kg8 21. gxf3 Ne5 $36 {[%emt 0:06:32][%mdl 2048] Black is pushing. Some like it hot} 22. Qh5 (22. Nd2 $11 {keeps the balance.} Rxf3 23. Re1) 22... Rxf3 {[%emt 0:02:22] Black is more active.} (22... exf3 $2 {leads to mate.} 23. Bh7+ Kh8 24. Bg6+ Kg8 25. Qh7#) ({Better is} 22... Nxf3+ $17 23. Kh1 Qe6) 23. Rd1 $2 {[%emt 0:00:00][%mdl 8192] This move loses the game for White.} (23. Bd4 $11 {and White is okay.} Ng6 24. Kh1) 23... Raf8 $19 {[%emt 0:04:34] Strongly threatening ...Qf6.} 24. Bxe4 dxe4 25. Rxd6 Rxf1+ (25... cxd6 $2 {loses.} 26. Ng3 Rxe3 27. Kg2 $19) 26. Kg2 cxd6 27. Qe2 Nd3 28. Qh5 $2 (28. Qxf1 Rxf1 29. Kxf1) 28... Ne1+ ({Not} 28... Nxb2 29. Qg4 $17) 29. Kh3 R1f3+ 30. Kg4 Rxe3 31. Qd5+ Rf7 32. Qa8+ Kh7 33. Qd5 {[%emt 0:00:00] [#]} Nd3 $1 {[%emt 0:00:39] ( -> ...Nf2+)} 34. Kg5 (34. Qxf7 Ne5+) 34... Ref3 (34... Rf6 $142 35. Qd4 Re2 36. Qxf6 gxf6+ 37. Kf5 Nxb2 38. Ke6 e3 39. Kf7 Rg2 40. Kxf6 e2 41. Ke6 Nc4 42. Ke7 e1=Q+ {[%mdl 64] Discovered Attack} 43. Kd7 Rg7+ 44. Kd8 Qe7+ 45. Kc8 Rg8#) 35. Qxd6 R7f5+ 36. Kh4 Nf2 {[%emt 0:00:15] A cool game by Nabaty.   Weighted Error Value: White=0.96/Black=0.21 (precise)} 0-1

[Event "Israeli Team-ch 2023"]
[Site "Petah Tikva"]
[Date "2023.02.10"]
[Round "7.20"]
[White "Roiz, Michael"]
[Black "Bakalchuk, Johnatan"]
[Result "1/2-1/2"]
[ECO "E94"]
[WhiteElo "2577"]
[BlackElo "2442"]
[Annotator "TA"]
[PlyCount "33"]
[EventDate "2023.01.13"]
[EventCountry "ISR"]
[SourceTitle "playchess.com"]
[Source "ChessBase"]
[SourceQuality "1"]
[TimeControl "40/5400+30:1800+30"]

1. d4 Nf6 2. c4 g6 3. Nc3 Bg7 4. e4 d6 5. Be2 O-O 6. Nf3 Na6 7. O-O e5 8. Re1 c6 9. Be3 exd4 {[%emt 0:05:08] E94: King's Indian: Classical: 6 Be2 e5 7 0-0: Various Black 7th moves.} 10. Nxd4 {[%emt 0:01:42] 10.Bxd4 is vanishing.} (10. Qxd4 Ng4 11. Qd2 Nxe3 12. Qxe3 Qb6 $15) 10... Re8 11. f3 $1 d5 {[%emt 0:13:41] White is slightly better.} 12. cxd5 Nxd5 13. Nxd5 ({Much weaker is} 13. exd5 Rxe3 14. Qd2 Qb6 $11) 13... cxd5 14. Bb5 ({Better is} 14. Bxa6 $1 $14 bxa6 15. Nc6) 14... Bd7 $11 {[%emt 0:00:52] Hoping for ...Bxd4.} 15. Bxa6 (15. exd5 $2 {is the wrong capture.} Rxe3 16. Rxe3 Qb6 $19) 15... bxa6 16. exd5 {[%emt 0:00:05] [#]} Qf6 $146 {[%emt 0:11:56][%cal Oe8e3] [#] ...Rxe3! would be deadly.} (16... Qh4 $5 17. Nc6 Bxb2 $11) ({Predecessor:} 16... Qh4 17. f4 Qf6 18. Bf2 Qxf4 19. Qf3 Qd2 20. Nc6 Qxb2 21. d6 Kh8 22. Rad1 Rxe1+ 23. Rxe1 {0-1 Kusa,J (2368)-Pultinevicius,P (2524) Teplice op 15th 2022 (8)}) 17. Bf2 {[%emt 0:12:36] Weighted Error Value: White=0.20 (precise) /Black=0.10 (very precise)} 1/2-1/2